 Dungeon Crawl Stone Soup version 0.22-a0-259-gdd11e71 (webtiles) character file.

661111 tsouns the Victor of a Thousand Battles (level 27, -4/219 HPs)
             Began as a Gnoll Warper on Mar 2, 2018.
             Was the Champion of Okawaru.
             Slain by a purple draconian
             ... wielding a +0 hand axe
              (15 damage)
             ... on level 2 of the Realm of Zot on Mar 5, 2018.
             The game lasted 05:22:44 (60126 turns).

tsouns the Victor of a Thousand Battles (GnWr)     Turns: 60126, Time: 05:22:44

Health: -4/219     AC: 27    Str: 20    XL:     27
Magic:  3/45       EV: 23    Int: 29    God:    Okawaru [******]
Gold:   4155       SH: 12    Dex: 20    Spells: 4/63 levels left

rFire    + + .     SeeInvis .   J - +9 eveningstar (holy)
rCold    + . .     Gourm    .   u - +3 warlock's mirror {reflect}
rNeg     . . .     Faith    +   i - quicksilver dragon scales
rPois    .         Spirit   .   (helmet restricted)
rElec    .         Reflect  +   C - +2 cloak {MR+}
rCorr    .         Harm     .   s - +2 pair of gloves {Str+3}
MR       ++++.                  N - +2 pair of boots of the Assassin {Detection Stab+ Stlth++}
Stlth    +++++++++.             L - amulet of Balance {Faith rF+ Int+3}
HPRegen  1.46/turn              Y - ring of Koocoman {Wiz rF+ rC+ Str+2 Int+2}
MPRegen  0.29/turn              a - +6 ring of slaying

@: about to teleport, regenerating, constricted
A: distributed training, fangs 1, horns 1, thin skeletal structure 1, strong
nose
}: 4/15 runes: decaying, slimy, silver, gossamer
a: Heroism, Finesse, Renounce Religion


You were on level 2 of the Realm of Zot.
You worshipped Okawaru.
Okawaru was exalted by your worship.
You were not hungry.

You visited 11 branches of the dungeon, and saw 54 of its levels.
You visited the Abyss 6 times.
You also visited: Ice Cave and Wizlab.

You collected 9398 gold pieces.
You spent 5243 gold pieces at shops.

Inventory:

Hand Weapons
 e - a +9 broad axe of flaming
 J - a +9 eveningstar of holy wrath (weapon)
Missiles
 j - 8 steel javelins (quivered)
 l - 2 javelins of penetration
 V - 9 javelins of returning
Armour
 i - quicksilver dragon scales (worn)
 o - a +2 helmet of intelligence
 s - a +2 pair of gloves of strength (worn)
 u - the +3 warlock's mirror (worn) {reflect}
   (You found it on level 5 of the Pits of Slime)
 C - a +2 cloak of magic resistance (worn)
 G - the +7 large shield of Okawaru's Displeasure {rElec Stlth+}
   (Okawaru gifted it to you on level 3 of the Pits of Slime)

   It insulates you from electricity.
   It makes you more stealthy.
 N - the +2 pair of boots of the Assassin (worn) {Detection Stab+ Stlth++}
   (You bought it in a shop on level 2 of the Orcish Mines)

   It makes you much more stealthy.
Jewellery
 a - a +6 ring of slaying (right hand)
 L - the amulet of Balance (around neck) {Faith rF+ Int+3}
   (You took it off a deep elf mage on level 3 of the Elven Halls)

   [amulet of faith]

   It allows you to gain divine favour quickly.
   It affects your intelligence (+3).
   It protects you from fire.
 Y - the ring of Koocoman (left hand) {Wiz rF+ rC+ Str+2 Int+2}
   (You found it on level 2 of the Depths)

   [ring of wizardry]

   It improves your spell success rate.
   It affects your strength (+2).
   It affects your intelligence (+2).
   It protects you from fire.
   It protects you from cold.
Wands
 v - a wand of iceblast (9)
 H - a wand of scattershot (11)
 R - a wand of acid (32)
 T - a wand of paralysis (61)
 Z - a wand of enslavement (6)
Scrolls
 d - 18 scrolls of teleportation
 h - a scroll of silence
 n - 5 scrolls of summoning
 A - 12 scrolls of fog
 D - 8 scrolls of magic mapping
 E - a scroll of enchant armour
 F - 6 scrolls of blinking
 K - 12 scrolls of fear
 U - 28 scrolls of remove curse
 W - 9 scrolls of holy word
 X - 6 scrolls of amnesia
Potions
 b - 15 potions of heal wounds
 k - 7 potions of mutation
 p - 15 potions of haste
 q - 37 potions of curing
 r - 12 potions of brilliance
 x - 13 potions of flight
 y - 3 potions of invisibility
 z - 3 potions of agility
 B - 7 potions of magic
 I - a potion of resistance
 P - 7 potions of cancellation
 Q - 2 potions of might
Miscellaneous
 g - a lamp of fire
 m - a phial of floods
 t - 2 sacks of spiders
 w - a fan of gales
 M - 3 boxes of beasts
 O - a lightning rod (4/4)
 S - 3 phantom mirrors
Comestibles
 f - 65 rations


   Skills:
 + Level 18.6 Fighting
 + Level 18.2 Short Blades
 + Level 18.2 Long Blades
 + Level 18.6 Axes
 + Level 18.2 Maces & Flails
 + Level 18.2 Polearms
 + Level 18.2 Staves
 + Level 18.2 Slings
 + Level 18.2 Bows
 + Level 18.2 Crossbows
 + Level 18.3 Throwing
 + Level 18.3 Armour
 + Level 18.6 Dodging
 + Level 18.2 Stealth
 + Level 18.2 Shields
 + Level 18.2 Unarmed Combat
 + Level 18.7 Spellcasting
 + Level 15.7 Conjurations
 + Level 15.7 Hexes
 + Level 15.7 Charms
 + Level 17.5 Summonings
 + Level 15.7 Necromancy
 + Level 16.4 Translocations
 + Level 15.7 Transmutations
 + Level 15.7 Fire Magic
 + Level 15.7 Ice Magic
 + Level 15.7 Air Magic
 + Level 15.7 Earth Magic
 + Level 15.7 Poison Magic
 + Level 19.5 Invocations
 + Level 18.2 Evocations


You had 4 spell levels left.
You knew the following spells:

 Your Spells              Type           Power        Failure   Level  Hunger
a - Blink                 Tloc           N/A          0%          2    None
b - Deflect Missiles      Chrm/Air       #######...   1%          6    #......
c - Aura of Abjuration    Summ           #######...   1%          5    None
d - Orb of Destruction    Conj           #######...   1%          7    ####...
f - Regeneration          Chrm/Necr      #######...   0%          3    None
h - Animate Skeleton      Necr           N/A          0%          1    None
i - Summon Butterflies    Summ           #######.     0%          1    None
j - Freezing Cloud        Conj/Ice/Air   #######...   1%          6    #......
k - Simulacrum            Ice/Necr       #######...   1%          6    #......
l - Borgnjor's Vile Clut  Necr/Erth      #######...   1%          5    None
m - Spellforged Servitor  Conj/Summ      #######...   1%          7    ####...
n - Death Channel         Necr           #######...   1%          6    #......
o - Animate Dead          Necr           N/A          1%          4    None


Dungeon Overview and Level Annotations

Branches:
Dungeon (15/15)            Temple (0/1) D:7            Lair (6/6) D:11
  Swamp (4/4) Lair:4       Spider (4/4) Lair:3        Slime (5/5) Lair:6
    Orc (2/2) D:12            Elf (3/3) Orc:2        Vaults (5/5) D:14
  Crypt (3/3) Vaults:2       Tomb (0/3) Crypt:3      Depths (5/5) D:15
    Zot (2/5) Depths:5

Altars:
Elyvilon
Gozag
Okawaru
Qazlal
Trog
Uskayaw
Xom
Yredelemnul
Zin
The Shining One
Beogh
Jiyva

Shops:
D:4 }   D:5 }   D:6 !   Orc:2 ([?[   Elf:2 ?   Elf:3 **[   Vaults:1 [:[!
Vaults:3 (   Vaults:4 (   Vaults:5 !   Depths:1 [?[   Depths:2 *[
Depths:3 %*=%

Portals:
Hell: Depths:1 Depths:2 Depths:3 Depths:4 Depths:5
Abyss: Depths:4
Pandemonium: Depths:2 Depths:3 Depths:4
Ziggurat: Depths:2
Trove: Depths:1 (give 7 potions of haste)

Annotations:
Lair:3 exclusion: 2 oklob plants


Innate Abilities, Weirdness & Mutations

Your experience applies equally to all skills.
You have very sharp teeth.
Your uncanny sense of smell can sniff out nearby items.
You have a pair of small horns on your head.
You have a somewhat thin skeletal structure. (Dex +2, Stealth)


Message History

The purple draconian rages.
The white draconian misses you.
The tentacled monstrosity tentacle-slaps you but does no damage.
You block the tentacled monstrosity's attack. x2
* * * LOW HITPOINT WARNING * * *
The tentacled monstrosity constricts you.
The red draconian completely misses you.
You block the purple draconian's attack.
Unknown command.
The tentacled monstrosity's grasp on you weakens, but your attempt to escape fails.
The red draconian rages.
The red draconian hits you with a glaive!
* * * LOW HITPOINT WARNING * * *
The tentacled monstrosity tentacle-slaps you!
* * * LOW HITPOINT WARNING * * *
You block the tentacled monstrosity's attack. x2
* * * LOW HITPOINT WARNING * * *
The tentacled monstrosity constricts you.
The purple draconian hits you with a hand axe!
You die...

.######### .## ..#
#########
..############.......##
....§y)[)..##.........##
#...##)..§§#...........#
#...##)...§D..dXd.......
....##....##.DdXdd.....#
.############..X@.....#
..#<# ##.yy....## #####
#########


You could see 3 tentacled monstrosities, 2 golden dragons, 2 draconians, 2
draconians, a white draconian (berserk) and 2 moths of wrath.

Vanquished Creatures
  the Royal Jelly (Slime:5)
  Mara (Swamp:3)
  An ancient lich (Crypt:3)
  Sojobo (Vaults:3)
  the Lernaean hydra (Swamp:4)
  Bai Suzhen (Swamp:4)
  Xtahua (Vaults:4)
  2 golden dragons
  Nikola (Elf:1)
  A profane servitor (Abyss:2)
  2 bone dragons
  A Hellbinder (WizLab)
  Jorgrun (Spider:4)
  7 liches
  5 tentacled monstrosities
  An Ice Fiend (IceCv)
  12 titans
  2 quicksilver dragons
  9 deep elf blademasters
  25 acid blobs
  3 ancient champions
  6 tentacled starspawn
  7 deep elf master archers
  2 thorn hunters
  A death cob (Zot:2)
  2 sphinxes
  6 storm dragons
  The ghost of Xenophilius the Devastator, an adept TeFE of Vehumet (Swamp:1)
  7 shadow dragons
  Kirke (D:12)
  A draconian monk (Zot:1)
  8 tengu reavers
  A revenant (Crypt:1)
  11 azure jellies
  8 deep elf sorcerers
  16 frost giants
  13 fire giants
  An orc warlord (Orc:2)
  2 draconian knights (Zot:1)
  6 emperor scorpions
  A caustic shrike zombie (Crypt:1)
  4 ghost moths
  5 draconian scorchers
  17 vault wardens
  2 curse skulls
  22 ironheart preservers
  A deep elf elementalist (Elf:3)
  An iron dragon (Depths:2)
  4 ghouls
  3 draconian shifters
  5 balrugs
  A juggernaut skeleton (Crypt:2)
  2 draconian annihilators (Zot:1)
  2 spriggan defenders (Depths:4)
  6 war gargoyles
  20 very ugly things
  The ghost of SpeedyPerson7 the Cleaver, a journeyman DDFi of Makhleb (D:12)
  22 stone giants
  4 entropy weavers
  Nessos (D:15)
  9 green draconians
  5 vampire knights
  5 deep elf demonologists
  A black sun (WizLab)
  17 deep elf annihilators
  5 purple draconians
  6 black draconians
  6 red draconians
  7 spark wasps
  Azrael (D:14)
  7 white draconians
  A lorocyproca (WizLab)
  9 yellow draconians
  3 eidola
  A dire elephant (Lair:6)
  16 ettins
  6 blizzard demons
  4 green deaths (WizLab)
  5 crystal guardians
  2 death oozes (Slime:5)
  9 yaktaur captains
  6 jiangshi
  Snorg (Lair:4)
  10 deep elf death magi
  11 fire dragons
  13 great orbs of eyes
  8 deep elf high priests
  A quicksilver dragon zombie (Crypt:3)
  7 ice dragons
  38 vault guards
  Fannar (D:10)
  A quicksilver dragon skeleton (Crypt:1)
  18 hydras
  12 rakshasas
  2 naga warriors (Abyss:3)
  A merfolk aquamancer (Depths:2)
  An anaconda (shapeshifter) (Depths:3)
  10 centaur warriors
  A ghost crab (Swamp:4)
  4 catoblepae
  2 hell beasts
  2 death yaks (Lair:6)
  24 dancing weapons
  48 two-headed ogres
  11 alligators
  4 spriggan air magi
  6 death knights
  4 deep troll shamans
  4 tengu warriors
  7 deep troll earth magi
  3 orc high priests
  A shock serpent (shapeshifter) (Vaults:4)
  2 vampire magi
  2 hell hogs
  9 thrashing horrors
  18 ogre magi
  Urug (D:15)
  A titan zombie (Crypt:1)
  10 spriggan berserkers
  3 sun demons
  2 titan skeletons
  2 soul eaters
  32 deep elf knights
  5 spriggans
  Nergalle (Lair:2)
  An iron troll (Depths:4)
  11 hell knights
  6 wretched stars
  2 shadow wraiths
  A golden dragon zombie (Crypt:3)
  A glowing orange brain (shapeshifter) (Depths:2)
  2 spatial maelstroms
  3 sixfirhies
  An unseen horror (shapeshifter) (Vaults:2)
  A spriggan druid (Swamp:2)
  4 unseen horrors
  26 skeletal warriors
  A storm dragon skeleton (Vaults:4)
  4 glowing orange brains
  A torturous demonspawn (Depths:3)
  27 deep trolls
  An infernal demonspawn (Depths:3)
  14 wizards
  3 flayed ghosts
  19 ironbrand convokers
  2 shadow demons (WizLab)
  11 swamp dragons (Swamp:4)
  A shambling mangrove (Swamp:4)
  2 anaconda zombies
  2 golden dragon skeletons
  6 phantasmal warriors
  A shadow dragon zombie (Depths:4)
  15 necromancers
  28 deep elf archers
  A mana viper (Abyss:3)
  A harpy (shapeshifter) (Vaults:2)
  15 large abominations
  A lindwurm (Lair:6)
  A sphinx zombie (Crypt:2)
  17 orb spiders
  43 wolf spiders
  13 orc knights
  43 ugly things
  A shining eye (shapeshifter) (Vaults:2)
  2 stone giant zombies
  2 shadow dragon skeletons
  2 wolf spider zombies
  A fire giant zombie (Crypt:3)
  6 manticores
  72 deep elf magi
  11 harpies
  3 shining eyes
  An iron dragon skeleton (Abyss:2)
  A manticore (shapeshifter) (Depths:2)
  A sphinx skeleton (Vaults:1)
  A salamander (shapeshifter) (Depths:2)
  3 orc sorcerers
  A tengu skeleton (Vaults:2)
  3 worldbinders (Abyss:2)
  The ghost of Protee the Martial Artist, a novice OpTm (D:6)
  4 cyclopes
  3 stone giant skeletons
  3 guardian serpents
  20 vault sentinels
  A rust devil (Depths:3)
  2 shock serpent zombies
  A fire giant skeleton (Crypt:1)
  A black mamba (shapeshifter) (Vaults:2)
  A frost giant skeleton (Crypt:3)
  A centaur zombie (D:14)
  2 apocalypse crabs (Abyss:2)
  11 moths of wrath
  Psyche (D:10)
  9 elephants
  5 black mambas
  13 smoke demons
  13 spiny frogs
  2 eyes of devastation
  4 orange demons
  2 hellions (WizLab)
  3 human zombies
  An ice statue (IceCv)
  An eye of devastation (shapeshifter) (Depths:4)
  2 torpor snails
  A swamp worm zombie (Crypt:1)
  12 freezing wraiths
  A rime drake (shapeshifter) (Vaults:3)
  2 rime drakes
  A komodo dragon (Lair:3)
  2 hellwings
  35 yaktaurs
  10 demonic crawlers
  2 yaktaur skeletons
  An efreet (D:15)
  2 komodo dragons (shapeshifter)
  2 anaconda simulacra (IceCv)
  5 ancient zymes
  10 ice devils
  5 tormentors
  4 guardian mummies (Crypt:1)
  5 human skeletons
  4 red devils
  3 tengu conjurers (D:14)
  A merfolk (Depths:2)
  A meliai (shapeshifter) (Abyss:2)
  4 golden dragon simulacra (IceCv)
  35 jumping spiders
  2 tengu simulacra
  A queen bee (shapeshifter) (Vaults:1)
  14 hornets
  6 meliai
  A shadow dragon simulacrum (Depths:4)
  4 tyrant leeches
  7 polar bears
  16 blink frogs
  9 trolls
  Grinder (D:5)
  A guardian serpent zombie (Crypt:1)
  6 bog bodies
  5 hippogriffs
  An ettin zombie (Crypt:3)
  94 slime creatures
  21 raiju
  4 stone giant simulacra
  An ettin skeleton (Crypt:3)
  Sigmund (D:4)
  A redback (shapeshifter) (Vaults:4)
  2 air elementals (Elf:3)
  27 flying skulls
  28 tarantellas
  2 wyverns
  3 dire elephant simulacra (IceCv)
  4 shadows
  2 vampires
  A spriggan (shapeshifter) (Depths:4)
  17 starcursed masses
  5 wraiths
  43 redbacks
  A yak (shapeshifter) (Vaults:1)
  An elf zombie (Depths:4)
  10 fire elementals
  3 hungry ghosts
  4 basilisks (Lair:3)
  9 water elementals
  5 neqoxecs
  23 yaks
  A ynoxinul (Abyss:2)
  2 fire bats (Abyss:2)
  A golden eye (shapeshifter) (Vaults:2)
  10 golden eyes (Slime:4)
  A basilisk (shapeshifter) (Depths:1)
  A human (shapeshifter) (Depths:4)
  Grum (D:10)
  A death yak simulacrum (IceCv)
  8 vampire mosquitoes
  A human simulacrum (Vaults:1)
  2 spatial vortices (Abyss:3)
  7 chaos spawn
  7 wargs
  An ogre zombie (Vaults:1)
  16 insubstantial wisps
  21 swamp worms
  A naga (Abyss:3)
  A soldier ant (shapeshifter) (Vaults:4)
  A deep troll zombie (Vaults:4)
  4 acid dragons
  6 hydra simulacra (IceCv)
  6 water moccasins
  A soldier ant (D:13)
  A water nymph skeleton (Crypt:1)
  3 iron troll simulacra (IceCv)
  5 floating eyes
  7 hell hounds
  A two-headed ogre skeleton (Crypt:2)
  A gelid demonspawn skeleton (Crypt:1)
  8 porcupines
  4 ice beasts
  17 swamp drakes
  58 orc warriors
  3 sky beasts
  A hornet zombie (Crypt:2)
  An ettin simulacrum (IceCv)
  15 boggarts
  9 black bears
  41 ogres
  8 eyes of draining
  3 necrophages
  2 phantoms (D:7)
  26 wolves
  An elephant skeleton (Crypt:2)
  26 centaurs
  9 crocodiles
  3 big kobolds
  A komodo dragon skeleton (Crypt:2)
  A wyvern zombie (D:14)
  11 bullfrogs
  2 earth elementals
  A scorpion (D:8)
  11 small abominations
  A polar bear zombie (Crypt:1)
  20 killer bees
  An elephant simulacrum (IceCv)
  A troll zombie (Crypt:2)
  10 wights
  5 electric eels
  8 crimson imps
  A bullfrog zombie (D:5)
  2 draconian simulacra (IceCv)
  3 lava snakes (Lair:5)
  4 centaur skeletons
  5 hounds
  4 quasits (Abyss:2)
  25 orc priests
  A bullfrog skeleton (D:10)
  5 jellies
  3 iguanas
  2 iron imps
  35 orc wizards
  8 worker ants
  5 troll simulacra (IceCv)
  A killer bee zombie (D:7)
  3 centaur simulacra (IceCv)
  A naga skeleton (Crypt:3)
  3 hound skeletons
  4 mummies (Crypt:1)
  15 gnolls
  10 adders
  A naga simulacrum (IceCv)
  5 shadow imps
  9 white imps
  9 ufetubi
  An adder skeleton (D:7)
  2 adder zombies
  An ooze (D:2)
  A worm (D:2)
  A dart slug (D:3)
  8 leopard geckos
  118 orcs
  A ball python (D:4)
  3 giant cockroaches
  6 goblins
  3 hobgoblins
  20 jackals
  7 quokkas
  11 bats
  5 frilled lizards
  A goblin skeleton (Crypt:1)
  A jackal skeleton (D:4)
  20 kobolds
  2 leopard gecko skeletons
  A quokka zombie (D:6)
  4 rats
  3 briar patches (Swamp:2)
  4 crawling corpses (Elf:3)
  4 starspawn tentacles
2681 creatures vanquished.

Vanquished Creatures (collateral kills)
  An ancient lich (Vaults:5)
  Margery (Depths:2)
  A golden dragon (Vaults:5)
  2 tentacled monstrosities
  A deep elf blademaster (Vaults:5)
  2 titans
  2 deep elf master archers (Vaults:5)
  3 acid blobs (Slime:5)
  3 sphinxes
  A storm dragon (Vaults:5)
  A shadow dragon (Vaults:5)
  3 azure jellies (Slime:5)
  2 frost giants
  4 deep elf sorcerers
  A fire giant (Vaults:5)
  Louise (D:14)
  4 deep elf elementalists (Elf:3)
  An ironheart preserver (Vaults:4)
  2 draconian stormcallers (Depths:5)
  A very ugly thing (Vaults:5)
  2 stone giants
  A green draconian (Depths:5)
  A vampire knight (Depths:5)
  3 deep elf annihilators
  4 deep elf demonologists
  A yellow draconian (Vaults:5)
  2 deep elf death magi (Elf:3)
  3 death oozes (Slime:5)
  A great orb of eyes (Depths:3)
  3 ettins
  A jiangshi (Depths:5)
  3 yaktaur captains (Vaults:5)
  A vault guard (D:14)
  2 ice dragons
  5 hydras
  A spriggan air mage (Depths:5)
  10 two-headed ogres
  A dancing weapon (Elf:2)
  A deep troll earth mage (Depths:3)
  2 ogre magi (Vaults:5)
  A death yak (Lair:6)
  3 spriggan berserkers (Depths:5)
  3 deep elf knights (Elf:3)
  4 hell knights (Depths:5)
  2 small abominations
  A deep troll (Depths:3)
  A flayed ghost (Depths:5)
  An ironbrand convoker (Vaults:5)
  5 deep elf archers
  A shambling mangrove (Swamp:4)
  An orange crystal statue (Depths:4)
  A necromancer (Depths:5)
  A phantasmal warrior (Vaults:5)
  8 deep elf magi
  3 orc knights
  A harpy (shapeshifter) (Vaults:3)
  A manticore (Lair:6)
  A guardian serpent (shapeshifter) (Vaults:5)
  An elephant (shapeshifter) (Vaults:5)
  An elephant (Lair:6)
  2 black mambas (Lair:6)
  3 vault sentinels
  8 spiny frogs
  A yaktaur (Vaults:5)
  A centaur skeleton (D:11)
  A rime drake (Lair:6)
  4 komodo dragons
  3 polar bears (Lair:6)
  7 hornets
  6 killer bees
  A troll (D:12)
  A raiju (Lair:6)
  4 hippogriffs
  A slime creature (Slime:5)
  2 dream sheep (Lair:6)
  2 blink frogs
  4 spriggans
  A wraith (Vaults:4)
  2 water elementals
  9 yaks
  A yak (shapeshifter) (Vaults:5)
  A hungry ghost (D:14)
  2 basilisks
  2 vampire mosquitoes (Swamp:3)
  A human (D:14)
  2 wargs
  A swamp worm (Swamp:3)
  6 hell hounds (Lair:6)
  2 porcupines
  2 water moccasins
  5 orc warriors
  A swamp drake (Swamp:4)
  3 black bears (Lair:6)
  A phantom (D:12)
  2 wolves
  A tengu (shapeshifter) (Vaults:5)
  3 ogres (Vaults:5)
  A centaur (D:14)
  7 crocodiles
  A big kobold (shapeshifter) (Vaults:4)
  2 bullfrogs
  A jelly (D:11)
  An orc priest (Vaults:3)
  2 orc wizards
  A worker ant zombie (D:11)
  A shadow imp (D:14)
  10 orcs
  A quokka (D:12)
  A butterfly (Lair:3)
  A crawling corpse (Elf:3)
  3 fungi
  3 plants
261 creatures vanquished.

Vanquished Creatures (others)
  A quicksilver dragon (Vaults:5)
  A death cob (Zot:2)
  A deep elf archer (Elf:2)
  A phantasmal warrior (Vaults:5)
  2 deep elf magi
  An orb spider (Spider:3)
  A yaktaur (Vaults:3)
  A hornet (Depths:5)
  A dream sheep (Lair:6)
  2 humans (D:12)
  2 tarantellas
  6 killer bees
  An orc warrior (D:15)
  An orc priest (D:12)
  An orc wizard (D:11)
  2 orcs (D:12)
  5 bushes (Abyss:3)
  8 fungi
  A lurking horror (Abyss:2)
  16 plants
  13 starspawn tentacles
68 creatures vanquished.

Grand Total: 3010 creatures vanquished

Notes
Turn   | Place    | Note
-------+----------+-------------------------------------------
     0 | D:1      | tsouns the Gnoll Warper began the quest for the Orb.
     0 | D:1      | Reached XP level 1. HP: 20/20 MP: 6/6
   138 | D:1      | Reached XP level 2. HP: 25/26 MP: 7/7
   182 | D:1      | Learned a level 2 spell: Blink
   185 | D:1      | Learned a level 2 spell: Shroud of Golubria
   494 | D:1      | Reached XP level 3. HP: 27/31 MP: 0/9
   891 | D:2      | Reached skill level 5 in Spellcasting
   980 | D:2      | Reached skill level 1 in Invocations
  1368 | D:2      | Reached skill level 1 in Short Blades
  1368 | D:2      | Reached skill level 1 in Long Blades
  1368 | D:2      | Reached skill level 1 in Maces & Flails
  1368 | D:2      | Reached skill level 1 in Polearms
  1368 | D:2      | Reached skill level 1 in Staves
  1368 | D:2      | Reached skill level 1 in Slings
  1368 | D:2      | Reached skill level 1 in Bows
  1368 | D:2      | Reached skill level 1 in Crossbows
  1368 | D:2      | Reached skill level 1 in Stealth
  1368 | D:2      | Reached skill level 1 in Shields
  1368 | D:2      | Reached skill level 1 in Unarmed Combat
  1368 | D:2      | Reached skill level 1 in Evocations
  1368 | D:2      | Reached XP level 4. HP: 38/38 MP: 11/11
  2045 | D:2      | Reached skill level 1 in Conjurations
  2045 | D:2      | Reached skill level 1 in Hexes
  2045 | D:2      | Reached skill level 1 in Charms
  2045 | D:2      | Reached skill level 1 in Summonings
  2045 | D:2      | Reached skill level 1 in Necromancy
  2045 | D:2      | Reached skill level 1 in Transmutations
  2045 | D:2      | Reached skill level 1 in Fire Magic
  2045 | D:2      | Reached skill level 1 in Ice Magic
  2045 | D:2      | Reached skill level 1 in Air Magic
  2045 | D:2      | Reached skill level 1 in Earth Magic
  2045 | D:2      | Reached skill level 1 in Poison Magic
  2260 | D:3      | Found a white marble altar of Elyvilon.
  2260 | D:3      | Found a hide-covered altar of Uskayaw.
  2517 | D:3      | Reached XP level 5. HP: 43/43 MP: 12/12
  2991 | D:3      | Learned a level 3 spell: Teleport Other
  2995 | D:3      | Learned a level 3 spell: Lesser Beckoning
  3251 | D:4      | Found Sioc's Gadget Emporium.
  3308 | D:4      | Noticed Sigmund
  3310 | D:4      | Killed Sigmund
  3310 | D:4      | Reached skill level 5 in Fighting
  3310 | D:4      | Reached skill level 5 in Axes
  3310 | D:4      | Reached skill level 5 in Dodging
  3310 | D:4      | Reached skill level 2 in Invocations
  3310 | D:4      | Reached XP level 6. HP: 36/51 MP: 14/14
  3706 | D:5      | Entered Level 5 of the Dungeon
  3721 | D:5      | Found a stormy altar of Qazlal.
  3773 | D:5      | Reached XP level 7. HP: 41/56 MP: 15/15
  3810 | D:5      | Noticed Grinder
  3836 | D:5      | Paralysed by Grinder for 5 turns
  3844 | D:5      | Killed Grinder
  3911 | D:5      | Found Ugodell's Gadget Shop.
  4100 | D:5      | Reached skill level 3 in Invocations
  4343 | D:5      | Reached XP level 8. HP: 61/63 MP: 16/16
  4654 | D:6      | Found an iron altar of Okawaru.
  4668 | D:6      | Noticed Protee's ghost (novice OpTm)
  4668 | D:6      | Became a worshipper of Warmaster Okawaru
  4695 | D:6      | Killed Protee's ghost
  4695 | D:6      | Reached * piety under Okawaru
  5077 | D:6      | Found Udghey Idyosi's Distillery.
  5090 | D:6      | Reached skill level 4 in Invocations
  5130 | D:6      | Reached XP level 9. HP: 28/69 MP: 15/18
  5133 | D:6      | Reached ** piety under Okawaru
  5388 | D:6      | Bought a potion of heal wounds for 75 gold pieces
  5388 | D:6      | Bought a potion of heal wounds for 75 gold pieces
  5388 | D:6      | Bought a potion of invisibility for 120 gold pieces
  5388 | D:6      | Bought a potion of curing for 45 gold pieces
  6154 | D:7      | Reached skill level 5 in Throwing
  6154 | D:7      | Reached skill level 5 in Armour
  6520 | D:7      | Reached *** piety under Okawaru
  6685 | D:7      | Reached skill level 5 in Invocations
  6763 | D:7      | Found a staircase to the Ecumenical Temple.
  6768 | D:7      | Learned a level 3 spell: Confuse
  6772 | D:7      | Learned a level 3 spell: Regeneration
  6776 | D:7      | Learned a level 3 spell: Tukima's Dance
  6828 | D:7      | Found a glowing silver altar of Zin.
  6957 | D:8      | Reached XP level 10. HP: 20/76 MP: 18/20
  7330 | D:8      | Noticed a two-headed ogre
  7345 | D:8      | Killed a two-headed ogre
  7345 | D:8      | Reached **** piety under Okawaru
  7345 | D:8      | Received a gift from Okawaru
  7345 | D:8      | Reached skill level 5 in Short Blades
  7345 | D:8      | Reached skill level 5 in Long Blades
  7345 | D:8      | Reached skill level 5 in Maces & Flails
  7345 | D:8      | Reached skill level 5 in Polearms
  7345 | D:8      | Reached skill level 5 in Staves
  7345 | D:8      | Reached skill level 5 in Slings
  7345 | D:8      | Reached skill level 5 in Bows
  7345 | D:8      | Reached skill level 5 in Crossbows
  7345 | D:8      | Reached skill level 5 in Stealth
  7345 | D:8      | Reached skill level 5 in Shields
  7345 | D:8      | Reached skill level 5 in Unarmed Combat
  7345 | D:8      | Reached skill level 5 in Evocations
  8583 | D:10     | Entered Level 10 of the Dungeon
  8704 | D:10     | Noticed Psyche
  8727 | D:10     | Killed Psyche
  8727 | D:10     | Reached ***** piety under Okawaru
  8727 | D:10     | Reached skill level 6 in Invocations
  9298 | D:10     | Noticed Fannar
  9320 | D:10     | Killed Fannar
  9320 | D:10     | Received a gift from Okawaru
  9320 | D:10     | Reached XP level 11. HP: 24/84 MP: 22/22
  9870 | D:10     | Noticed Grum
  9904 | D:10     | Killed Grum
  9904 | D:10     | Received a gift from Okawaru
 10528 | D:11     | Noticed a two-headed ogre
 10703 | D:11     | Noticed a cyan ugly thing
 10725 | D:10     | Killed a cyan ugly thing
 11090 | D:11     | Noticed a two-headed ogre
 11107 | D:11     | Killed a two-headed ogre
 11107 | D:11     | Reached skill level 5 in Conjurations
 11107 | D:11     | Reached skill level 5 in Hexes
 11107 | D:11     | Reached skill level 5 in Charms
 11107 | D:11     | Reached skill level 5 in Summonings
 11107 | D:11     | Reached skill level 5 in Necromancy
 11107 | D:11     | Reached skill level 5 in Transmutations
 11107 | D:11     | Reached skill level 5 in Fire Magic
 11107 | D:11     | Reached skill level 5 in Ice Magic
 11107 | D:11     | Reached skill level 5 in Air Magic
 11107 | D:11     | Reached skill level 5 in Earth Magic
 11107 | D:11     | Reached skill level 5 in Poison Magic
 11184 | D:11     | Learned a level 1 spell: Animate Skeleton
 11210 | D:11     | Killed a two-headed ogre
 11282 | D:11     | Found a staircase to the Lair.
 11421 | D:11     | Reached skill level 7 in Invocations
 11543 | D:11     | Identified a scroll of acquirement
 11756 | D:12     | Noticed SpeedyPerson7's ghost (journeyman DDFi)
 11784 | D:12     | Noticed a manticore
 11843 | D:12     | Received a gift from Okawaru
 11895 | Lair:1   | Entered Level 1 of the Lair of Beasts
 12157 | Lair:1   | Noticed a four-headed hydra
 12166 | Lair:1   | Killed a four-headed hydra
 12166 | Lair:1   | Reached XP level 12. HP: 80/93 MP: 20/24
 12257 | Lair:1   | Noticed a six-headed hydra
 12268 | Lair:1   | Killed a six-headed hydra
 13034 | Lair:2   | Noticed Nergalle
 13053 | Lair:2   | Killed Nergalle
 13095 | Lair:2   | Reached ****** piety under Okawaru
 13143 | Lair:2   | Noticed a catoblepas
 13162 | Lair:2   | Killed a catoblepas
 13591 | Lair:3   | Received a gift from Okawaru
 13738 | Lair:3   | Found a hole to the Spider Nest.
 13800 | Lair:3   | Reached skill level 8 in Invocations
 14558 | Lair:4   | Received a gift from Okawaru
 14611 | Lair:4   | Received a gift from Okawaru
 14761 | Lair:4   | Reached XP level 13. HP: 86/101 MP: 26/26
 14829 | Lair:4   | Noticed Snorg
 14843 | Lair:4   | Received a gift from Okawaru
 14861 | Lair:4   | Killed Snorg
 14869 | Lair:4   | Got a brightly glowing bardiche {god gift}
 14875 | Lair:4   | Identified the +9 bardiche of the Rat {venom, *Rage +Rage rN+ Int+4} (Okawaru gifted it to you on level 4 of the Lair of Beasts)
 15476 | Lair:4   | Found a staircase to the Swamp.
 15875 | Lair:5   | Received a gift from Okawaru
 16022 | Lair:5   | Reached skill level 9 in Invocations
 16138 | Lair:5   | Received a gift from Okawaru
 16332 | Lair:6   | Entered Level 6 of the Lair of Beasts
 16436 | Lair:6   | Received a gift from Okawaru
 16449 | Lair:6   | Got a brightly glowing morningstar {god gift}
 16450 | Lair:6   | Identified the +2 morningstar of Womimir {chaos, rF+} (Okawaru gifted it to you on level 6 of the Lair of Beasts)
 16452 | Lair:6   | Found a staircase to the Slime Pits.
 16453 | Lair:6   | Found a viscous altar of Jiyva.
 16762 | Lair:6   | Received a gift from Okawaru
 16790 | Lair:6   | Received a gift from Okawaru
 16818 | Lair:6   | Reached skill level 10 in Spellcasting
 16833 | Lair:6   | Noticed a dire elephant
 16840 | Lair:6   | Reached XP level 14. HP: 92/109 MP: 28/28
 17091 | Lair:6   | Killed a dire elephant
 17212 | Lair:6   | Reached skill level 10 in Fighting
 17212 | Lair:6   | Reached skill level 10 in Axes
 17212 | Lair:6   | Reached skill level 10 in Dodging
 17651 | Lair:6   | Received a gift from Okawaru
 18335 | D:12     | Noticed Kirke
 18562 | D:12     | Killed Kirke
 18562 | D:12     | Reached skill level 10 in Invocations
 18613 | D:12     | Killed SpeedyPerson7's ghost
 18793 | D:12     | Received a gift from Okawaru
 18794 | D:12     | Found a staircase to the Orcish Mines.
 19311 | Orc:1    | Entered Level 1 of the Orcish Mines
 19495 | Orc:1    | Received a gift from Okawaru
 19566 | Orc:1    | Got an ancient chain mail {god gift}
 19577 | Orc:1    | Identified the +7 chain mail "Zastrugod" {rElec MR+ Str-3} (Okawaru gifted it to you on level 1 of the Orcish Mines)
 19603 | Orc:1    | Found a roughly hewn altar of Beogh.
 19823 | Orc:2    | Entered Level 2 of the Orcish Mines
 19947 | Orc:2    | Found a roughly hewn altar of Beogh.
 19977 | Orc:2    | Found Juwnerre's Antique Armour Boutique.
 20101 | Orc:2    | Found a roughly hewn altar of Beogh.
 20366 | Orc:2    | Found a roughly hewn altar of Beogh.
 20373 | Orc:2    | Found Azyw's Magic Scroll Boutique.
 20383 | Orc:2    | Bought a scroll of identify for 32 gold pieces
 20383 | Orc:2    | Bought a scroll of teleportation for 48 gold pieces
 20383 | Orc:2    | Bought a scroll of identify for 32 gold pieces
 20383 | Orc:2    | Bought a scroll of identify for 32 gold pieces
 20465 | Orc:2    | Found a roughly hewn altar of Beogh.
 20554 | Orc:2    | Noticed an orc warlord
 20554 | Orc:2    | Paralysed by an orc sorcerer for 5 turns
 20578 | Orc:2    | Reached XP level 15. HP: 113/117 MP: 21/29
 20618 | Orc:2    | Killed an orc warlord
 20741 | Orc:2    | Reached skill level 10 in Throwing
 20741 | Orc:2    | Reached skill level 10 in Armour
 20778 | Orc:2    | Found a staircase to the Elven Halls.
 20851 | Orc:2    | Found a roughly hewn altar of Beogh.
 20954 | Orc:2    | Found a roughly hewn altar of Beogh.
 21027 | Orc:2    | Found Byutuzat's Antique Weapon Shop.
 21028 | Orc:2    | Found a roughly hewn altar of Beogh.
 21031 | Orc:2    | Found Utamoik's Antique Armour Boutique.
 21036 | Orc:2    | Bought the +2 pair of boots of the Assassin {Detection Stab+ Stlth++} for 1800 gold pieces
 21036 | Orc:2    | Found the +2 pair of boots of the Assassin {Detection Stab+ Stlth++}
 21611 | D:13     | Found a glowing golden altar of the Shining One.
 21677 | D:13     | You fall through a shaft for 2 floors!
 21677 | D:15     | Entered Level 15 of the Dungeon
 21686 | D:15     | Noticed Urug
 21687 | D:15     | Found an opulent altar of Gozag.
 21704 | D:15     | Noticed Nessos
 21707 | D:15     | Killed Urug
 21713 | D:15     | Received a gift from Okawaru
 21731 | D:15     | Killed Nessos
 21825 | D:15     | Learned a level 5 spell: Venom Bolt
 21861 | D:14     | Noticed Azrael
 21880 | D:14     | Killed Azrael
 21922 | D:14     | Reached skill level 10 in Translocations
 22002 | D:14     | Reached skill level 10 in Short Blades
 22002 | D:14     | Reached skill level 10 in Long Blades
 22002 | D:14     | Reached skill level 10 in Maces & Flails
 22002 | D:14     | Reached skill level 10 in Polearms
 22002 | D:14     | Reached skill level 10 in Staves
 22002 | D:14     | Reached skill level 10 in Slings
 22002 | D:14     | Reached skill level 10 in Bows
 22002 | D:14     | Reached skill level 10 in Crossbows
 22002 | D:14     | Reached skill level 10 in Stealth
 22002 | D:14     | Reached skill level 10 in Shields
 22002 | D:14     | Reached skill level 10 in Unarmed Combat
 22002 | D:14     | Reached skill level 10 in Evocations
 22016 | D:14     | Noticed Louise
 22028 | D:14     | Cast into level 2 of the Abyss (Louise)
 22066 | Abyss:2  | Got a pair of encrusted boots
 22071 | D:14     | Escaped the Abyss
 22083 | D:14     | Killed Louise
 22320 | D:14     | Identified the +0 cloak of the Komodo Dragon {+Inv Dex+3} (You found it on level 14 of the Dungeon)
 22326 | D:14     | Identified the +2 pair of boots of the Lobster {-Cast +Blink rPois Str+5} (You found it on level 2 of the Abyss)
 22458 | D:14     | Received a gift from Okawaru
 22657 | D:14     | Identified the +2 morningstar of Xom's Scorn {venom, rPois rF- Int+3} (You found it on level 14 of the Dungeon)
 22670 | D:14     | Reached skill level 11 in Invocations
 22922 | D:14     | Found a gate to the Vaults.
 23228 | D:15     | Reached XP level 16. HP: 125/125 MP: 31/31
 23261 | D:15     | Identified Agizev's Grimoire of Feathers and Moulding
 23472 | D:15     | Found a staircase to the Depths.
 23732 | Swamp:1  | Entered Level 1 of the Swamp
 23780 | Swamp:1  | Received a gift from Okawaru
 23783 | Swamp:1  | Got a pitted shield {god gift}
 23794 | Swamp:1  | Identified the +1 shield "Quiky" {rC- rN+ rCorr} (Okawaru gifted it to you on level 1 of the Swamp)
 23928 | Swamp:1  | Noticed Xenophilius's ghost (adept TeFE)
 23944 | Swamp:1  | Killed Xenophilius's ghost
 24418 | Swamp:2  | Noticed a thorn hunter
 24453 | Swamp:2  | Killed a thorn hunter
 25543 | Swamp:3  | Noticed Mara
 25550 | Swamp:3  | Noticed tsouns's illusion
 25562 | Swamp:3  | Killed Mara
 25562 | Swamp:3  | Received a gift from Okawaru
 25562 | Swamp:3  | Received a gift from Okawaru
 25663 | Swamp:3  | Noticed a tentacled monstrosity
 25673 | Swamp:3  | Killed a tentacled monstrosity
 26139 | Swamp:4  | Entered Level 4 of the Swamp
 26411 | Spider:1 | Entered Level 1 of the Spider Nest
 26432 | Spider:1 | Received a gift from Okawaru
 26472 | Spider:1 | Reached XP level 17. HP: 133/133 MP: 31/33
 26618 | Spider:1 | Reached skill level 12 in Invocations
 26626 | Spider:1 | Received a gift from Okawaru
 26646 | Spider:1 | Upgraded the game from 0.22-a0-252-gcace5d2 to 0.22-a0-253-gf9d0ce5
 26775 | Spider:1 | Received a gift from Okawaru
 27236 | Spider:2 | Learned a level 6 spell: Freezing Cloud
 28117 | Spider:3 | Received a gift from Okawaru
 28122 | Spider:3 | Found a frozen archway.
 28127 | IceCv    | Entered an ice cave
 29439 | IceCv    | Noticed an Ice Fiend
 29856 | IceCv    | Killed an Ice Fiend
 29897 | IceCv    | Got a brightly glowing fustibalus
 29902 | IceCv    | Identified the +2 fustibalus of Zothra Yzi {freeze, MR+} (You found it in an ice cave)
 30064 | Spider:3 | Received a gift from Okawaru
 30347 | Spider:3 | Received a gift from Okawaru
 30402 | Spider:3 | Identified the +2 leather armour "Sogh" {rElec Dex-4 SInv} (You found it on level 3 of the Spider Nest)
 30535 | Spider:4 | Entered Level 4 of the Spider Nest
 30693 | Spider:4 | Reached skill level 10 in Conjurations
 30693 | Spider:4 | Reached skill level 10 in Hexes
 30693 | Spider:4 | Reached skill level 10 in Charms
 30693 | Spider:4 | Reached skill level 10 in Summonings
 30693 | Spider:4 | Reached skill level 10 in Necromancy
 30693 | Spider:4 | Reached skill level 10 in Transmutations
 30693 | Spider:4 | Reached skill level 10 in Fire Magic
 30693 | Spider:4 | Reached skill level 10 in Ice Magic
 30693 | Spider:4 | Reached skill level 10 in Air Magic
 30693 | Spider:4 | Reached skill level 10 in Earth Magic
 30693 | Spider:4 | Reached skill level 10 in Poison Magic
 30965 | Elf:1    | Entered Level 1 of the Elven Halls
 31080 | Elf:1    | Reached XP level 18. HP: 110/141 MP: 34/34
 31406 | Elf:1    | Noticed Nikola
 31427 | Elf:1    | Killed Nikola
 31468 | Elf:1    | Received a gift from Okawaru
 31626 | Elf:1    | Found a bloodstained altar of Trog.
 31697 | Elf:1    | Received a gift from Okawaru
 31963 | Elf:2    | Received a gift from Okawaru
 31978 | Elf:2    | Received a gift from Okawaru
 32036 | Elf:2    | Learned a level 6 spell: Simulacrum
 32130 | Elf:2    | Reached skill level 13 in Invocations
 32140 | Elf:2    | Found Tugguf's Magic Scroll Boutique.
 32188 | Elf:2    | Bought 3 scrolls of enchant weapon for 360 gold pieces
 32188 | Elf:2    | Bought a scroll of brand weapon for 320 gold pieces
 32373 | Elf:2    | Found a runed gate.
 32373 | Elf:2    | Found a runed gate.
 32378 | Elf:2    | Found a runed gate.
 32904 | Elf:2    | Received a gift from Okawaru
 33233 | Elf:3    | Entered Level 3 of the Elven Halls
 33233 | Elf:3    | Found Teiwni's Assorted Antiques.
 33235 | Elf:3    | Found Ubefiejo's Armour Shop.
 33454 | Elf:3    | Reached XP level 19. HP: 115/149 MP: 36/36
 33800 | Swamp:4  | Noticed Bai Suzhen
 33842 | Swamp:4  | Killed Bai Suzhen
 34259 | Swamp:4  | Noticed the 27-headed Lernaean hydra
 34271 | Swamp:4  | Killed the 23-headed Lernaean hydra
 34388 | Swamp:4  | Got a decaying rune of Zot
 35010 | Spider:4 | Noticed Jorgrun
 35016 | Spider:4 | Killed Jorgrun
 35088 | Spider:4 | Received a gift from Okawaru
 35560 | Spider:4 | Received a gift from Okawaru
 35572 | Spider:4 | Received a gift from Okawaru
 35595 | Spider:4 | Got a gossamer rune of Zot
 35932 | Vaults:1 | Entered Level 1 of the Vaults
 36005 | Vaults:1 | Received a gift from Okawaru
 36014 | Vaults:1 | Noticed a Brimstone Fiend
 36086 | Vaults:1 | Reached XP level 20. HP: 157/157 MP: 37/37
 36092 | Vaults:1 | Reached skill level 14 in Invocations
 36170 | Vaults:1 | Received a gift from Okawaru
 36221 | Vaults:1 | Found Kotzemi's Distillery.
 36231 | Vaults:1 | Bought a potion of heal wounds for 65 gold pieces
 36231 | Vaults:1 | Bought a potion of heal wounds for 65 gold pieces
 36231 | Vaults:1 | Bought a potion of haste for 130 gold pieces
 36231 | Vaults:1 | Bought a potion of curing for 39 gold pieces
 36231 | Vaults:1 | Bought a potion of curing for 39 gold pieces
 36265 | Vaults:1 | Found Eciperam's Armour Boutique.
 36449 | Vaults:1 | Found Ehiph's Armour Emporium.
 36642 | Vaults:1 | Received a gift from Okawaru
 36879 | Vaults:1 | Found Haetz's Book Shoppe.
 37289 | Vaults:2 | Received a gift from Okawaru
 37315 | Vaults:2 | Got a transparent buckler {god gift}
 37326 | Vaults:2 | Identified the +2 buckler of Risu {rC+} (Okawaru gifted it to you on level 2 of the Vaults)
 37440 | Vaults:2 | Noticed a bone dragon
 37441 | Vaults:2 | Found a staircase to the Crypt.
 37444 | Vaults:2 | Killed a bone dragon
 38115 | Vaults:2 | Learned a level 5 spell: Borgnjor's Vile Clutch
 38180 | Vaults:2 | Received a gift from Okawaru
 38186 | Vaults:2 | Reached XP level 21. HP: 130/165 MP: 11/39
 38643 | Vaults:3 | Received a gift from Okawaru
 38652 | Vaults:3 | Noticed Sojobo
 38658 | Vaults:3 | Got a twisted plate armour {god gift}
 38771 | Vaults:2 | Identified the +9 plate armour of Ereloj {-Cast rPois rN+++ Int+3} (Okawaru gifted it to you on level 3 of the Vaults)
 38920 | Vaults:3 | Found Arpho Zam's Antique Weapon Emporium.
 39113 | Vaults:3 | Reached skill level 15 in Invocations
 39171 | Vaults:3 | Received a gift from Okawaru
 39346 | Depths:1 | Entered Level 1 of the Depths
 39527 | Depths:1 | Found a portal to a secret trove of treasure.
 39665 | Depths:1 | Upgraded the game from 0.22-a0-253-gf9d0ce5 to 0.22-a0-254-gaf95ca0
 39680 | Depths:1 | Found a gateway to Hell.
 39715 | Depths:1 | Found Wubros's Armour Shop.
 39715 | Depths:1 | Found Karuatwi's Magic Scroll Boutique.
 39719 | Depths:1 | Found Cyity's Antique Armour Shop.
 39725 | Depths:1 | Bought a scroll of enchant armour for 157 gold pieces
 39725 | Depths:1 | Bought a scroll of blinking for 157 gold pieces
 39725 | Depths:1 | Bought a scroll of holy word for 157 gold pieces
 39725 | Depths:1 | Bought a scroll of identify for 42 gold pieces
 39727 | Depths:1 | Bought a fine scale mail for 180 gold pieces
 39727 | Depths:1 | Identified the +1 scale mail of Exclusion {rElec} (You bought it in a shop on level 1 of the Depths)
 39894 | Depths:1 | Reached XP level 22. HP: 115/173 MP: 40/40
 40321 | Depths:2 | Got a scintillating steel ring
 40322 | Depths:2 | Identified the ring of Koocoman {Wiz rF+ rC+ Str+2 Int+2} (You found it on level 2 of the Depths)
 40470 | Depths:2 | Received a gift from Okawaru
 40491 | Depths:2 | Noticed Margery
 40632 | Depths:2 | Received a gift from Okawaru
 40710 | Depths:2 | Found a gateway to a ziggurat.
 40771 | Depths:2 | Reached skill level 15 in Spellcasting
 40840 | Depths:2 | Found Cyusuec's Armour Emporium.
 40884 | Depths:2 | Killed Margery
 40896 | Depths:2 | Received a gift from Okawaru
 40997 | Depths:1 | Bought a warped shield for 190 gold pieces
 41007 | Depths:1 | Identified the +0 shield "Caosti" {rPois rN+ rCorr SInv} (You bought it in a shop on level 1 of the Depths)
 41082 | Depths:2 | Got a scintillating bronze ring
 41088 | Depths:2 | Reached skill level 15 in Fighting
 41088 | Depths:2 | Reached skill level 15 in Axes
 41088 | Depths:2 | Reached skill level 15 in Dodging
 41154 | Depths:2 | Found a one-way gate leading to the halls of Pandemonium.
 41173 | Depths:2 | Identified the ring "Ryihaot" {rCorr +Blink Dex+2} (You found it on level 2 of the Depths)
 41216 | Depths:2 | Received a gift from Okawaru
 41290 | Depths:2 | Got a translucent golden ring
 41291 | Depths:2 | Identified the ring of the Quahog {rF+ rC+ Str+5 Dex-2} (You found it on level 2 of the Depths)
 41390 | Depths:2 | Received a gift from Okawaru
 41454 | Depths:2 | Got a pitted pewter ring
 41464 | Depths:2 | Identified the ring "Gutweonk" {rPois rC+ Int+3 Dex-5 SInv} (You took it off an ogre mage on level 2 of the Depths)
 41540 | Depths:2 | Found Plog's General Store.
 41558 | Depths:2 | Bought a scroll of identify for 26 gold pieces
 41573 | Depths:2 | Received a gift from Okawaru
 41586 | Depths:2 | Identified the +3 ring mail of Pucis {rC+ rN+ rCorr} (You found it on level 2 of the Depths)
 41680 | Depths:3 | Received a gift from Okawaru
 41730 | Depths:3 | Received a gift from Okawaru
 41874 | Depths:3 | Received a gift from Okawaru
 42093 | Depths:3 | Found Yduosut's Food Boutique.
 42094 | Depths:3 | Found Mibliah's Jewellery Shop.
 42094 | Depths:3 | Found Allumeha's Assorted Antiques.
 42097 | Depths:3 | Found Asoel's Food Shop.
 42109 | Depths:3 | Bought a puce potion for 29 gold pieces
 42128 | Depths:3 | Bought a brightly glowing ring mail for 297 gold pieces
 42128 | Depths:3 | Identified the cursed +0 ring mail "Turoa" {rPois rF- SInv} (You bought it in a shop on level 3 of the Depths)
 42182 | Depths:3 | Reached XP level 23. HP: 79/181 MP: 42/42
 42281 | Depths:3 | Found a shimmering altar of Xom.
 42725 | Depths:4 | Received a gift from Okawaru
 42760 | Depths:4 | Found a one-way gate to the infinite horrors of the Abyss.
 42895 | Depths:4 | Reached skill level 15 in Throwing
 42895 | Depths:4 | Reached skill level 15 in Armour
 42969 | Depths:4 | Received a gift from Okawaru
 42969 | Depths:4 | Reached skill level 16 in Invocations
 42983 | Depths:4 | Received a gift from Okawaru
 43220 | Depths:4 | Identified the ring of the Snail {Str+2 Dex+3 SInv} (You found it on level 4 of the Depths)
 43241 | Depths:4 | Reached skill level 15 in Short Blades
 43241 | Depths:4 | Reached skill level 15 in Long Blades
 43241 | Depths:4 | Reached skill level 15 in Maces & Flails
 43241 | Depths:4 | Reached skill level 15 in Polearms
 43241 | Depths:4 | Reached skill level 15 in Staves
 43241 | Depths:4 | Reached skill level 15 in Slings
 43241 | Depths:4 | Reached skill level 15 in Bows
 43241 | Depths:4 | Reached skill level 15 in Crossbows
 43241 | Depths:4 | Reached skill level 15 in Stealth
 43241 | Depths:4 | Reached skill level 15 in Shields
 43241 | Depths:4 | Reached skill level 15 in Unarmed Combat
 43241 | Depths:4 | Reached skill level 15 in Evocations
 43396 | Depths:4 | Learned a level 7 spell: Spellforged Servitor
 43406 | Depths:4 | Learned a level 7 spell: Orb of Destruction
 43597 | Depths:4 | Noticed a golden dragon
 43601 | Depths:4 | Killed a golden dragon
 43980 | Depths:4 | Got a transparent jade amulet
 43983 | Depths:4 | Identified the amulet of Eshrial {+Rage Str+4 Int-4} (You found it on level 4 of the Depths)
 44073 | Depths:5 | Entered Level 5 of the Depths
 44117 | Depths:4 | Received a gift from Okawaru
 44236 | Depths:5 | Received a gift from Okawaru
 44285 | Depths:5 | Identified the +4 hat of Cheibriados's Pride {-Tele rN+ MR+ Stlth+} (You acquired it on level 5 of the Depths)
 44419 | Depths:5 | Identified the +8 hand axe "Newtslayer" {freeze, *Corrode rElec rF++ Str+3} (You found it on level 5 of the Depths)
 44501 | Depths:5 | Found a magical portal.
 44510 | WizLab   | Entered The Hall of the Hellbinder
 44593 | WizLab   | Reached XP level 24. HP: 154/190 MP: 41/42
 44636 | WizLab   | Received a gift from Okawaru
 44663 | WizLab   | Identified the Disquisition on Companions
 44755 | WizLab   | Identified Wilas's Guide on Creation
 44759 | WizLab   | Learned a level 1 spell: Summon Butterflies
 44779 | WizLab   | Found the +1 cloak of Starlight {rElec rC+ EV+4 Stlth--}
 44805 | WizLab   | Identified the +0 cloak of Ogorad {*Contam +Inv Int+7 Dex+2} (You found it in a wizard's laboratory)
 44807 | WizLab   | Got a twitching tin amulet
 44808 | WizLab   | Identified the amulet "Jedikim" {Inacc rElec Str+3} (You found it in a wizard's laboratory)
 44817 | WizLab   | Identified the +2 robe of the Barber Surgeon {*Drain rN++ Dex+4 SInv} (You found it in a wizard's laboratory)
 44823 | WizLab   | Found a burning altar of Makhleb.
 44839 | WizLab   | Received a gift from Okawaru
 45131 | Depths:5 | Found a gate to the Realm of Zot.
 45805 | Elf:3    | Found Kimoklio's General Store.
 45812 | Elf:3    | Bought a scroll of identify for 34 gold pieces
 45812 | Elf:3    | Bought a potion of curing for 51 gold pieces
 46210 | Elf:3    | Received a gift from Okawaru
 46233 | Elf:3    | Cast into level 3 of the Abyss (a deep elf sorcerer)
 46626 | Elf:3    | Escaped the Abyss
 46657 | Elf:3    | Cast into level 2 of the Abyss (a deep elf sorcerer)
 46711 | Abyss:2  | Found a corrupted altar of Lugonu.
 47489 | Abyss:2  | Identified the +9 hand crossbow of the Lumpy Blessings {elec, Str+4} (You found it on level 2 of the Abyss)
 47514 | Abyss:2  | Received a gift from Okawaru
 47538 | Elf:3    | Escaped the Abyss
 47545 | Elf:3    | Reached skill level 17 in Invocations
 47578 | Elf:3    | Reached XP level 25. HP: 112/197 MP: 31/43
 47665 | Elf:3    | Cast into level 2 of the Abyss (a deep elf demonologist)
 48097 | Abyss:2  | Found a burning altar of Makhleb.
 48243 | Abyss:2  | Received a gift from Okawaru
 48246 | Abyss:2  | Identified the +3 crystal plate armour of the Eternal Fruit {rPois} (Okawaru gifted it to you on level 2 of the Abyss)
 48261 | Elf:3    | Escaped the Abyss
 48314 | Elf:3    | Cast into level 3 of the Abyss (a deep elf sorcerer)
 48356 | Abyss:3  | Identified the +4 scale mail "Uvikh" {rC+ Str+6 Int-2} (You found it on level 3 of the Abyss)
 48359 | Elf:3    | Escaped the Abyss
 48386 | Elf:3    | Cast into level 3 of the Abyss (a deep elf sorcerer)
 48640 | Elf:3    | Escaped the Abyss
 48667 | Elf:3    | Identified the +9 chain mail of the Gloaming {-Tele Dex+4 Slay+2} (You took it off a deep elf high priest on level 3 of the Elven Halls)
 48775 | Elf:3    | Identified the amulet of Balance {Faith rF+ Int+3} (You took it off a deep elf mage on level 3 of the Elven Halls)
 48802 | Elf:3    | Got a clouded lapis lazuli ring
 48804 | Elf:3    | Identified the ring "Rujah" {rF+ rC+} (You took it off a deep elf blademaster on level 3 of the Elven Halls)
 48835 | Elf:3    | Identified the Incunabulum of Conjuration
 49037 | Elf:3    | Got a brightly glowing bone ring
 49038 | Elf:3    | Identified the ring of Asallal {SInv Stlth-} (You took it off a deep elf annihilator on level 3 of the Elven Halls)
 49042 | Elf:3    | Found the +7 longbow "Piercer" {penet, EV-2}
 49693 | Vaults:3 | Killed Sojobo
 50594 | Vaults:4 | Received a gift from Okawaru
 50749 | Vaults:4 | Received a gift from Okawaru
 51087 | Vaults:4 | Received a gift from Okawaru
 51315 | Vaults:4 | Found Keapsaz's Antique Weapon Boutique.
 51432 | Vaults:4 | Reached skill level 15 in Summonings
 51444 | Vaults:4 | Reached XP level 26. HP: 207/207 MP: 43/43
 51647 | Vaults:4 | Reached skill level 15 in Translocations
 52102 | Vaults:4 | Learned a level 6 spell: Death Channel
 52110 | Vaults:5 | Entered Level 5 of the Vaults
 52115 | Vaults:5 | Received a gift from Okawaru
 52115 | Vaults:5 | Was placed under penance by Okawaru
 52232 | Vaults:5 | Noticed Xtahua
 52258 | Vaults:4 | Killed Xtahua
 52258 | Vaults:4 | Reached skill level 18 in Invocations
 52656 | Vaults:4 | Learned a level 4 spell: Animate Dead
 52683 | Vaults:5 | Noticed an ancient lich
 52701 | Vaults:5 | Killed an ancient lich
 52896 | Vaults:5 | Identified the cursed +0 plate armour of Impermeability {MP-9 Int+5} (You found it on level 5 of the Vaults)
 52996 | Vaults:5 | Got a silver rune of Zot
 53067 | Vaults:5 | Got a steaming glass ring
 53161 | Vaults:5 | Found Bugon's Distillery.
 53171 | Vaults:5 | Bought a potion of heal wounds for 95 gold pieces
 53171 | Vaults:5 | Bought a potion of haste for 190 gold pieces
 53171 | Vaults:5 | Bought 2 potions of invisibility for 304 gold pieces
 53171 | Vaults:5 | Bought a potion of curing for 57 gold pieces
 53180 | Vaults:5 | Identified the ring of Vubevem {*Tele rPois rC+} (You took it off a vault sentinel on level 5 of the Vaults)
 53394 | Vaults:5 | Reached XP level 27. HP: 215/215 MP: 44/44
 53678 | Vaults:5 | Identified the amulet "Goderebb" {Inacc Int+3 Stlth+} (You found it on level 5 of the Vaults)
 53775 | Vaults:5 | Learned a level 6 spell: Deflect Missiles
 53920 | Vaults:5 | Identified the Handbook of Fire
 54521 | Crypt:1  | Entered Level 1 of the Crypt
 54594 | Crypt:1  | Was forgiven by Okawaru
 55241 | Crypt:2  | Learned a level 5 spell: Aura of Abjuration
 55260 | Crypt:2  | Received a gift from Okawaru
 55617 | Crypt:2  | Identified the +0 buckler of Cicouf {rElec rF- rC- Int+8} (You acquired it on level 2 of the Crypt)
 55726 | Crypt:2  | Received a gift from Okawaru
 55956 | Crypt:3  | Entered Level 3 of the Crypt
 56167 | Crypt:3  | Reached skill level 15 in Conjurations
 56167 | Crypt:3  | Reached skill level 15 in Hexes
 56167 | Crypt:3  | Reached skill level 15 in Charms
 56167 | Crypt:3  | Reached skill level 15 in Necromancy
 56167 | Crypt:3  | Reached skill level 15 in Transmutations
 56167 | Crypt:3  | Reached skill level 15 in Fire Magic
 56167 | Crypt:3  | Reached skill level 15 in Ice Magic
 56167 | Crypt:3  | Reached skill level 15 in Air Magic
 56167 | Crypt:3  | Reached skill level 15 in Earth Magic
 56167 | Crypt:3  | Reached skill level 15 in Poison Magic
 56202 | Crypt:3  | Received a gift from Okawaru
 56203 | Crypt:3  | Found the +7 Kryia's mail coat {PotionHeal*2 rC+}
 56437 | Crypt:3  | Found a basalt altar of Yredelemnul.
 56437 | Crypt:3  | Noticed an ancient lich
 56449 | Crypt:3  | Killed an ancient lich
 56473 | Crypt:3  | Got a translucent silver ring
 56474 | Crypt:3  | Identified the ring of Tyciebb {rN+ Str+4} (You found it on level 3 of the Crypt)
 56475 | Crypt:3  | Identified the ring "Pobloss" {rC+ rN+} (You found it on level 3 of the Crypt)
 56483 | Crypt:3  | Got a heavily runed golden ring
 56486 | Crypt:3  | Identified the ring "Hiqoumota" {*Contam rF+ rN+ Stlth+} (You found it on level 3 of the Crypt)
 56763 | Crypt:3  | Found a staircase to the Tomb.
 57353 | Vaults:4 | Gained mutation: You expend magic power (3 MP) to strengthen your wands. [mutagenic glow]
 57725 | Slime:1  | Entered Level 1 of the Pits of Slime
 57955 | Slime:3  | Reached skill level 19 in Invocations
 57959 | Slime:3  | Received a gift from Okawaru
 57968 | Slime:3  | Identified the +7 large shield of Okawaru's Displeasure {rElec Stlth+} (Okawaru gifted it to you on level 3 of the Pits of Slime)
 58112 | Slime:5  | Entered Level 5 of the Pits of Slime
 58216 | Slime:5  | Gained mutation: Your spells are a little easier to cast, but a little less powerful. [a shining eye]
 58222 | Slime:5  | Lost mutation: Your spells are a little easier to cast, but a little less powerful. [potion of mutation]
 58222 | Slime:5  | Lost mutation: You expend magic power (3 MP) to strengthen your wands. [potion of mutation]
 58222 | Slime:5  | Gained mutation: Your spells are a little harder to cast, but a little more powerful. [potion of mutation]
 58222 | Slime:5  | Gained mutation: You have an increased reservoir of magic. (+10% MP) [potion of mutation]
 58222 | Slime:5  | Gained mutation: Your system is resistant to poisons. (rPois) [potion of mutation]
 58222 | Slime:5  | Gained mutation: You possess an exceptional clarity of mind. [potion of mutation]
 58226 | Slime:5  | Noticed the Royal Jelly
 58256 | Slime:5  | Found a viscous altar of Jiyva.
 58260 | Slime:5  | Found the +3 warlock's mirror {reflect}
 58263 | Slime:5  | Gained mutation: You are occasionally teleported next to monsters. [a shining eye]
 58371 | Slime:5  | Gained mutation: You are frail. (-10% HP) [a shining eye]
 58599 | Slime:5  | Killed the Royal Jelly
 58599 | Slime:5  | Received a gift from Okawaru
 58644 | Slime:5  | Identified Geesat's Guide on Curses and Envenoming
 58725 | Slime:5  | Got a slimy rune of Zot
 59284 | Zot:1    | Entered Level 1 of the Realm of Zot
 59308 | Zot:1    | Identified the cursed +1 plate armour of the Buccaneer {rPois rN+} (You found it on level 1 of the Realm of Zot)
 59772 | Zot:1    | Received a gift from Okawaru
 60006 | Zot:2    | Lost mutation: You are frail. (-10% HP) [potion of mutation]
 60006 | Zot:2    | Lost mutation: You possess an exceptional clarity of mind. [potion of mutation]
 60006 | Zot:2    | Lost mutation: Your system is resistant to poisons. (rPois) [potion of mutation]
 60006 | Zot:2    | Lost mutation: Your spells are a little harder to cast, but a little more powerful. [potion of mutation]
 60006 | Zot:2    | Gained mutation: You have a somewhat thin skeletal structure. (Dex +2, Stealth) [potion of mutation]
 60006 | Zot:2    | Gained mutation: Your mind is acute. (Int +2) [potion of mutation]
 60007 | Zot:2    | Lost mutation: You are occasionally teleported next to monsters. [potion of mutation]
 60007 | Zot:2    | Lost mutation: You have an increased reservoir of magic. (+10% MP) [potion of mutation]
 60007 | Zot:2    | Lost mutation: Your mind is acute. (Int +2) [potion of mutation]
 60007 | Zot:2    | Gained mutation: You have a pair of small horns on your head. [potion of mutation]
 60008 | Zot:2    | Upgraded the game from 0.22-a0-254-gaf95ca0 to 0.22-a0-259-gdd11e71
 60126 | Zot:2    | Slain by a purple draconian

Vault maps used:
D:1:      roderic_octagonal_star, serial_bayou_pond_e
D:3:      chequers_temple_overflow_statue_of_worship
D:4:      first_ration, serial_shops, shop, uniq_sigmund
D:5:      nicolae_qazlal_general_emergency, serial_shops, shop,
          kennysheep_small_spiral, interstate_on_off,
          hangedman_decor_peaks_small, kennysheep_another_room,
          minmay_misc_feat_cross, uniq_grinder
D:6:      serial_shops, kennysheep_mini_moat, dk_noncrumbling_2,
          okawaru_gym_becter
D:7:      overflow_temple_1_default, minmay_temple_entry_statues_pillars
D:10:     statuecave_lemuel, uniq_grum, uniq_psyche, uniq_fannar
D:11:     lair_entry_dummy, grunt_pizzeria
D:12:     orc_0_dummy, special_room, uniq_kirke
D:13:     minmay_misc_feat_iff, serial_bayou_pond_b,
          nicolae_tso_carved_into_rock
D:14:     minmay_wizard_corner, grunt_vaults_entry_fortified,
          hangedman_decor_points, uniq_louise, uniq_azrael
D:15:     grunt_enter_depths_hoard, nicolae_gozag_seed_capital, uniq_urug,
          uniq_nessos
Lair:1:   beast_lair_carwin_4
Lair:2:   uniq_nergalle
Lair:3:   regret_index_harrowing_hell_hive, dummy_spider_entry,
          lemuel_fruit_fields
Lair:4:   nicolae_swamp_entry_splash_gauntlet, uniq_snorg
Lair:5:   disabler_island
Lair:6:   hangedman_lair_in_review, hangedman_lair_caniforms_friends,
          slime_altar_1
Swamp:1:  hangedman_swamp_pad
Swamp:2:  evilmike_swamp_ruin_house_4
Swamp:3:  evilmike_swamp_ruin_rubble_1, uniq_mara
Swamp:4:  swamp_old_school, uniq_bai_suzhen
Spider:1: hangedman_spider_mandibles, nicolae_spider_nook
Spider:2: nicolae_orb_stairs
Spider:3: portal_ice_cave_entry_pillars_three
Spider:4: spider_rune_water, spider_trap, uniq_jorgrun
Slime:2:  uniq_dissolution
Orc:1:    basic_altar
Orc:2:    grunt_orc_community_town_hall, grunt_orc_community_big_house_1,
          grunt_orc_community_big_house_2, grunt_orc_community_house_1,
          grunt_orc_community_house_1, grunt_orc_community_house_3,
          grunt_orc_community_house_3, grunt_orc_community_house_3, basic_altar
Elf:1:    eino_elf_arrival_sip, hangedman_elf_represent, minmay_fountain_box,
          nicolae_elf_glass_and_crystal_pillar_2, minivault_5,
          evilmike_spriggan_trog_shrine, uniq_nikola
Elf:2:    serial_shops, shop
Elf:3:    nooodl_elf_gasket, serial_shops, shop_statue, nicolae_shop_stone,
          nicolae_shop_trees, spider_trap
Vaults:1: hangedman_vaults_slither, dpeg_vaults_monster_box,
          hangedman_vaults_stream, v_misc_9, v_misc_28,
          nicolae_vaults_yaktaur_gun_rack, ontoclasm_vaults_misaligned,
          vaults_mumra_lcd, nicolae_vaults_circle_grid_b, vaults_room_hallway,
          v_misc_8, vaults_dpeg_hooks, serial_shops, nicolae_shop_waterfront,
          nicolae_shop_behind_doors, nicolae_shop_behind_doors
Vaults:2: hangedman_vaults_stagger, minmay_crypt_entry_nasty_monster,
          dpeg_vaults_pockets_of_resistance, ontoclasm_vaults_spin, v_misc_12,
          nicolae_vaults_hallways_thing, vaults_room_grid, grunt_vaults_twisty,
          hangedman_vaults_stretched_pinwheel, vaults_room_door_hall,
          ontoclasm_vaults_chip, vaults_dpeg_ring, nicolae_vaults_shelves_hall
Vaults:3: vaults_mumra_minichess_inversion, vaults_standard_mumra_lines,
          nicolae_vaults_asterisk, nicolae_vaults_murderbox, v_misc_27,
          hangedman_vaults_maws, nicolae_vaults_angled_halls, v_misc_5,
          nicolae_vaults_little_squares_6, v_misc_26, serial_shops,
          nicolae_shop_statue_plus, uniq_sojobo
Vaults:4: v_misc_3, nicolae_vaults_branching_niches,
          nicolae_vaults_twisting_passages, ontoclasm_vaults_shuriken,
          vaults_room_grid, vaults_standard_mumra_x, v_pattern_5,
          nicolae_vaults_mini_display_case, v_rooms_1,
          nicolae_vaults_little_squares_2, serial_shops, shop
Vaults:5: uniq_xtahua, uniq_margery
Crypt:1:  grunt_crypt_arrival_guarded_gate
Crypt:3:  cryptofortress_bobbens
Depths:1: pf_coc_iceberg, nicolae_trove_entry_free_sample,
          minmay_misc_feat_rows, spider_trap, roderic_nine_men_s_morris,
          nicolae_lava_and_water, kennysheep_generic_room_9,
          serial_bayou_shore_b, minmay_shop_star
Depths:2: hangedman_spin_cycle, pan_entry, serial_shops, hell_entry
Depths:3: minmay_haunted_quarter, lemuel_statue_altar, rand_demon_pan_entry_9,
          hell_entry, minmay_shoptagon, infiniplex_staircase_door_maze,
          grunt_megastairs_3
Depths:4: minmay_the_grid_4x2, hell_entry, rand_demon_pan_entry_8, abyss_entry,
          horrible_house_mu
Depths:5: grunt_zot_entry_bicorn, hell_entry, wad_floor_pattern_1,
          mu_enter_wizlab_3
Zot:2:    grunt_ministairs_6, zot_minivault_1, lemuel_elevator,
          basic_stair_grate_trap
Abyss:2:  minivault_25, hangedman_abyss_overflow_altar, evilmike_abyss_exit_3
Abyss:3:  evilmike_abyss_exit_kraken, hangedman_abyss_or_decor_slice,
          gammafunk_abyss_rune_reverse_zot
IceCv:    ice_cave_caverns_01
WizLab:   wizlab_demon

Skill      XL: |  1  2  3  4  5  6  7  8  9 10 11 12 13 14 15 16 17 18 19 20 21 22 23 24 25 26 27 |
---------------+----------------------------------------------------------------------------------+-----
Spellcasting   | 5 6 7 8 9 10 11 12 13 14 15 16 17 18 | 18.7
Invocations    | 1 2 3 4 5 6 7 8 9 10 11 12 13 14 15 16 17 18 19 | 19.5
Short Blades   | 1 2 3 4 5 6 7 8 9 10 11 12 13 14 15 16 18 | 18.2
Long Blades    | 1 2 3 4 5 6 7 8 9 10 11 12 13 14 15 16 18 | 18.2
Maces & Flails | 1 2 3 4 5 6 7 8 9 10 11 12 13 14 15 16 18 | 18.2
Polearms       | 1 2 3 4 5 6 7 8 9 10 11 12 13 14 15 16 18 | 18.2
Staves         | 1 2 3 4 5 6 7 8 9 10 11 12 13 14 15 16 18 | 18.2
Slings         | 1 2 3 4 5 6 7 8 9 10 11 12 13 14 15 16 18 | 18.2
Bows           | 1 2 3 4 5 6 7 8 9 10 11 12 13 14 15 16 18 | 18.2
Crossbows      | 1 2 3 4 5 6 7 8 9 10 11 12 13 14 15 16 18 | 18.2
Stealth        | 1 2 3 4 5 6 7 8 9 10 11 12 13 14 15 16 18 | 18.2
Shields        | 1 2 3 4 5 6 7 8 9 10 11 12 13 14 15 16 18 | 18.2
Unarmed Combat | 1 2 3 4 5 6 7 8 9 10 11 12 13 14 15 16 18 | 18.2
Evocations     | 1 2 3 4 5 6 7 8 9 10 11 12 13 14 15 16 18 | 18.2
Conjurations   | 1 2 3 4 5 6 7 8 9 10 11 12 13 14 15 | 15.7
Hexes          | 1 2 3 4 5 6 7 8 9 10 11 12 13 14 15 | 15.7
Charms         | 1 2 3 4 5 6 7 8 9 10 11 12 13 14 15 | 15.7
Summonings     | 1 2 3 4 5 6 7 8 9 10 11 12 13 14 15 17 | 17.5
Necromancy     | 1 2 3 4 5 6 7 8 9 10 11 12 13 14 15 | 15.7
Transmutations | 1 2 3 4 5 6 7 8 9 10 11 12 13 14 15 | 15.7
Fire Magic     | 1 2 3 4 5 6 7 8 9 10 11 12 13 14 15 | 15.7
Ice Magic      | 1 2 3 4 5 6 7 8 9 10 11 12 13 14 15 | 15.7
Air Magic      | 1 2 3 4 5 6 7 8 9 10 11 12 13 14 15 | 15.7
Earth Magic    | 1 2 3 4 5 6 7 8 9 10 11 12 13 14 15 | 15.7
Poison Magic   | 1 2 3 4 5 6 7 8 9 10 11 12 13 14 15 | 15.7
Throwing       | 3 4 5 6 7 8 9 10 11 12 13 14 15 16 17 18 | 18.3
Armour         | 3 4 5 6 7 8 9 10 11 12 13 14 15 16 17 18 | 18.3
Fighting       | 5 6 7 8 9 10 11 12 13 14 15 16 17 18 | 18.6
Axes           | 5 6 7 8 9 10 11 12 13 14 15 16 17 18 | 18.6
Dodging        | 5 6 7 8 9 10 11 12 13 14 15 16 17 18 | 18.6
Translocations | 6 7 8 9 10 11 12 13 14 15 16 | 16.4

Action                   |  1- 3 |  4- 6 |  7- 9 | 10-12 | 13-15 | 16-18 | 19-21 | 22-24 | 25-27 || total
-------------------------+-------+-------+-------+-------+-------+-------+-------+-------+-------++-------
Melee: Hand axe          |   120 |    96 |       |       |       |       |       |       |       ||   216
       Bite              |    13 |    14 |    30 |   109 |   238 |   124 |   143 |   206 |   316 ||  1193
       Spear             |       |    98 |   372 |   873 |  1505 |       |       |       |       ||  2848
       Punch             |       |     1 |    10 |     5 |       |       |       |       |       ||    16
       Mace              |       |       |    25 |       |       |       |       |       |       ||    25
       Bardiche          |       |       |       |       |    59 |       |       |       |       ||    59
       Broad axe         |       |       |       |       |   249 |  1059 |  1021 |  1260 |  1564 ||  5153
       Eveningstar       |       |       |       |       |       |       |       |       |   461 ||   461
       Headbutt          |       |       |       |       |       |       |       |       |    12 ||    12
 Fire: Hunting sling     |       |       |     9 |       |       |       |       |       |       ||     9
Throw: Stone             |    12 |     3 |       |       |       |       |       |       |       ||    15
       Tomahawk          |     2 |       |       |       |       |       |       |       |       ||     2
       Javelin           |       |     6 |     3 |     3 |     3 |   104 |    47 |    31 |    22 ||   219
 Cast: Animate Skeleton  |       |       |       |    38 |   142 |     5 |       |       |       ||   185
       Tukima's Dance    |       |       |       |     4 |     4 |     1 |       |       |       ||     9
       Venom Bolt        |       |       |       |       |     5 |     8 |       |       |       ||    13
       Regeneration      |       |       |       |       |       |     6 |    11 |    42 |    67 ||   126
       Shroud of Golubri |       |       |       |       |       |     2 |       |       |       ||     2
       Confuse           |       |       |       |       |       |     5 |       |       |       ||     5
       Simulacrum        |       |       |       |       |       |    15 |    12 |    29 |     1 ||    57
       Freezing Cloud    |       |       |       |       |       |       |     1 |     1 |    12 ||    14
       Borgnjor's Vile C |       |       |       |       |       |       |     9 |     9 |    29 ||    47
       Spellforged Servi |       |       |       |       |       |       |       |     4 |    24 ||    28
       Orb of Destructio |       |       |       |       |       |       |       |     1 |    11 ||    12
       Animate Dead      |       |       |       |       |       |       |       |       |    13 ||    13
       Death Channel     |       |       |       |       |       |       |       |       |     3 ||     3
       Deflect Missiles  |       |       |       |       |       |       |       |       |     3 ||     3
       Blink             |       |       |       |       |       |       |       |       |     1 ||     1
       Aura of Abjuratio |       |       |       |       |       |       |       |       |     1 ||     1
Invok: Heroism           |       |       |     3 |    20 |    18 |    20 |    20 |    15 |     7 ||   103
       Finesse           |       |       |       |       |     4 |     9 |    14 |     6 |     5 ||    38
Evoke: Wand              |       |     2 |       |    16 |     9 |    17 |     4 |    19 |       ||    67
       Phial of floods   |       |       |       |       |       |       |     1 |     1 |     1 ||     3
       Lamp of fire      |       |       |       |       |       |       |       |     2 |     3 ||     5
  Use: Scroll            |     4 |     7 |     4 |    16 |    12 |    19 |    10 |    29 |    32 ||   133
       Potion            |       |       |     3 |     4 |     3 |     6 |    10 |     3 |    17 ||    46
 Stab: Sleeping          |       |     4 |     8 |    24 |    34 |    48 |    58 |    41 |    43 ||   260
       Invisible         |       |       |       |     3 |       |       |       |       |       ||     3
       Distracted        |       |       |       |     4 |    17 |     8 |     3 |    10 |    19 ||    61
       Petrified         |       |       |       |     6 |       |       |       |       |       ||     6
       Petrifying        |       |       |       |       |     1 |       |       |       |       ||     1
       Paralysed         |       |       |       |       |     1 |     1 |       |       |       ||     2
       Confused          |       |       |       |       |       |     1 |       |       |       ||     1
  Eat: Chunk             |     2 |    12 |    10 |    13 |    14 |     5 |     1 |     3 |    11 ||    71
       Ration            |       |       |       |     4 |     5 |    10 |     8 |     9 |    14 ||    50
Armor: Leather armour    |    28 |    34 |    29 |    34 |       |       |       |       |       ||   125
       Skin              |       |       |    13 |     1 |       |       |       |       |       ||    14
       Troll leather arm |       |       |       |    64 |   212 |   217 |   187 |    17 |       ||   697
       Fire dragon scale |       |       |       |       |       |       |       |    36 |       ||    36
       Ring mail         |       |       |       |       |       |       |       |   202 |   169 ||   371
       Quicksilver drago |       |       |       |       |       |       |       |       |   127 ||   127
       Scale mail        |       |       |       |       |       |       |       |       |     3 ||     3
Dodge: Dodged            |    98 |   161 |   244 |   567 |   738 |   862 |   641 |   660 |   684 ||  4655
       Deflected         |       |       |       |       |       |       |       |       |    16 ||    16
Block: Shield            |       |       |       |   303 |   757 |   671 |       |   607 |   154 ||  2492
       Large shield      |       |       |       |       |       |    16 |   948 |   126 |  1648 ||  2738
       Buckler           |       |       |       |       |       |       |       |       |    72 ||    72
       Reflection        |       |       |       |       |       |       |       |       |    11 ||    11

Table legend:
 A = Spawn XP
 B = Non-spawn XP
 C = Spawn XP percentage of total XP
 D = Spawn monster count
 E = Non-spawn monster count
 F = Spawn count percentage of total count
 G = Total turns spent on level
                    A         B        C        D         E        F      G
               +---------+---------+-------+---------+---------+-------+---------
         Total |   45069 | 1565490 |   2.8 |      87 |    2766 |   3.0 | 60126
               +---------+---------+-------+---------+---------+-------+---------
           D:1 |       0 |      36 |   0.0 |       0 |      21 |   0.0 |  1351
           D:2 |       0 |      98 |   0.0 |       0 |      17 |   0.0 |   860
           D:3 |       0 |     129 |   0.0 |       0 |      23 |   0.0 |   890
           D:4 |       0 |     297 |   0.0 |       0 |      10 |   0.0 |   605
           D:5 |       0 |     670 |   0.0 |       0 |      19 |   0.0 |   828
           D:6 |       0 |    1497 |   0.0 |       0 |      26 |   0.0 |  1260
           D:7 |       0 |    1706 |   0.0 |       0 |      40 |   0.0 |  1370
           D:8 |       0 |    1685 |   0.0 |       0 |      27 |   0.0 |  1058
           D:9 |       0 |    1156 |   0.0 |       0 |      22 |   0.0 |   361
          D:10 |       0 |    3789 |   0.0 |       0 |      30 |   0.0 |  2334
          D:11 |       0 |    4720 |   0.0 |       0 |      24 |   0.0 |  1193
          D:12 |       0 |    9184 |   0.0 |       0 |      49 |   0.0 |  1173
          D:13 |       0 |    2835 |   0.0 |       0 |      13 |   0.0 |   810
          D:14 |       0 |   24792 |   0.0 |       0 |      62 |   0.0 |  1295
          D:15 |       0 |   15572 |   0.0 |       0 |      37 |   0.0 |   745
        Lair:1 |       0 |    4380 |   0.0 |       0 |      22 |   0.0 |  1376
        Lair:2 |       0 |    3506 |   0.0 |       0 |      12 |   0.0 |   857
        Lair:3 |       0 |    4052 |   0.0 |       0 |      33 |   0.0 |  1184
        Lair:4 |       0 |    9658 |   0.0 |       0 |      40 |   0.0 |  1380
        Lair:5 |       0 |    6669 |   0.0 |       0 |      29 |   0.0 |   851
        Lair:6 |       0 |   25807 |   0.0 |       0 |     107 |   0.0 |  1930
       Swamp:1 |       0 |    6731 |   0.0 |       0 |      20 |   0.0 |   687
       Swamp:2 |       0 |   10622 |   0.0 |       0 |      23 |   0.0 |   656
       Swamp:3 |       0 |   19595 |   0.0 |       0 |      31 |   0.0 |   806
       Swamp:4 |       0 |   42835 |   0.0 |       0 |      65 |   0.0 |  1145
      Spider:1 |       0 |   18967 |   0.0 |       0 |      54 |   0.0 |   790
      Spider:2 |       0 |    8331 |   0.0 |       0 |      23 |   0.0 |  1059
      Spider:3 |       0 |   16938 |   0.0 |       0 |      34 |   0.0 |   579
      Spider:4 |       0 |   41565 |   0.0 |       0 |      82 |   0.0 |   860
       Slime:1 |       0 |    9447 |   0.0 |       0 |      11 |   0.0 |    56
       Slime:2 |       0 |   11247 |   0.0 |       0 |       9 |   0.0 |    41
       Slime:3 |       0 |   17662 |   0.0 |       0 |      14 |   0.0 |   105
       Slime:4 |       0 |   16903 |   0.0 |       0 |      35 |   0.0 |    97
       Slime:5 |       0 |   53275 |   0.0 |       0 |      58 |   0.0 |   771
         Orc:1 |       0 |    4534 |   0.0 |       0 |      28 |   0.0 |   566
         Orc:2 |       0 |    7266 |   0.0 |       0 |     109 |   0.0 |  1514
         Elf:1 |       0 |   26607 |   0.0 |       0 |      40 |   0.0 |  1165
         Elf:2 |       0 |   45963 |   0.0 |       0 |      71 |   0.0 |  1345
         Elf:3 |     852 |   86248 |   1.0 |       1 |      96 |   1.0 |  1691
      Vaults:1 |       0 |   39644 |   0.0 |       0 |      76 |   0.0 |  1263
      Vaults:2 |       0 |   88924 |   0.0 |       0 |     131 |   0.0 |  1890
      Vaults:3 |       0 |   65776 |   0.0 |       0 |      86 |   0.0 |  1540
      Vaults:4 |       0 |  104890 |   0.0 |       0 |     149 |   0.0 |  2131
      Vaults:5 |       0 |  128446 |   0.0 |       0 |     134 |   0.0 |  1853
       Crypt:1 |       0 |   34082 |   0.0 |       0 |      53 |   0.0 |   737
       Crypt:2 |       0 |   24681 |   0.0 |       0 |      40 |   0.0 |   742
       Crypt:3 |       0 |   63536 |   0.0 |       0 |      79 |   0.0 |  1126
      Depths:1 |       0 |   30339 |   0.0 |       0 |      39 |   0.0 |  1029
      Depths:2 |       0 |   74659 |   0.0 |       0 |      85 |   0.0 |  1341
      Depths:3 |       0 |   42759 |   0.0 |       0 |      57 |   0.0 |  1162
      Depths:4 |       0 |   80433 |   0.0 |       0 |      74 |   0.0 |  1464
      Depths:5 |       0 |   49098 |   0.0 |       0 |      57 |   0.0 |   721
         Zot:1 |       0 |   58586 |   0.0 |       0 |      41 |   0.0 |   721
         Zot:2 |       0 |   32048 |   0.0 |       0 |      22 |   0.0 |   121
       Abyss:2 |   32223 |   25089 |  56.2 |      61 |      59 |  50.8 |  1520
       Abyss:3 |   11994 |   16251 |  42.5 |      25 |      26 |  49.0 |   692
         IceCv |       0 |   11398 |   0.0 |       0 |      59 |   0.0 |  1894
        WizLab |       0 |   27877 |   0.0 |       0 |      33 |   0.0 |   535
               +---------+---------+-------+---------+---------+-------+---------
